 Dungeon Crawl Stone Soup version 0.22-a0-157-g169b76a (webtiles) character file.

77892 MatthieuS the Executioner (level 15, -4/145 HPs)
             Began as a Hill Orc Berserker on Feb 8, 2018.
             Was a High Priest of Trog.
             Killed from afar by Azrael (33 damage)
             ... with damnation
             ... on level 13 of the Dungeon.
             The game lasted 01:10:42 (22214 turns).

MatthieuS the Executioner (Hill Orc Berserker)     Turns: 22214, Time: 01:10:43

Health: -4/145     AC: 23    Str: 27    XL:     15   Next: 58%
Magic:  0/15       EV: 15    Int:  7    God:    Trog [*****.]
Gold:   1362       SH:  4    Dex: 10    Spells: 14/14 levels left

rFire    . . .     SeeInvis .   a - +8 executioner's axe (chop)
rCold    + + +     Gourm    .   (shield currently unavailable)
rNeg     + + .     Faith    .   n - +5 ring mail "Codd" {MR+}
rPois    .         Spirit   +   J - +2 hat of the Bear Spirit {Spirit, +Rage rN+ MR++}
rElec    .         Reflect  +   y - +0 cloak
rCorr    .         Harm     .   (no gloves)
MR       +++++     Clarity  +   l - +2 pair of boots
Stlth    +.........             B - +4 amulet of reflection
HPRegen  1.34/turn              O - ring of Dishonesty {*Slow rC+++ rN+ Stlth+}
MPRegen  0.14/turn              b - +3 ring of protection

@: berserk cooldown, regenerating, slowed, very slow
A: clarity, magic resistance 1, robust 1
a: Berserk, Trog's Hand, Brothers in Arms, Burn Spellbooks, Renounce Religion,
Evoke Berserk Rage


You were on level 13 of the Dungeon.
You worshipped Trog.
Trog was extremely pleased with you.
You were very hungry.

You visited 3 branches of the dungeon, and saw 21 of its levels.
You also visited: Sewer.

You collected 2115 gold pieces.
You spent 753 gold pieces at shops.

Inventory:

Hand Weapons
 a - a +8 executioner's axe of chopping (weapon)
 q - a +3 antimagic battleaxe
Armour
 l - a +2 pair of boots (worn)
 n - the +5 ring mail "Codd" (worn) {MR+}
   (You found it on level 11 of the Dungeon)

   It affects your resistance to hostile enchantments.
 y - a +0 cloak (worn)
 J - the +2 hat of the Bear Spirit (worn) {Spirit, +Rage rN+ MR++}
   (You bought it in a shop on level 12 of the Dungeon)

   It protects you from negative energy.
   It affects your resistance to hostile enchantments.
   It lets you go berserk.
Jewellery
 b - a +3 ring of protection (right hand)
 h - an uncursed ring of protection from cold
 B - a +4 amulet of reflection (around neck)
 O - the ring of Dishonesty (left hand) {*Slow rC+++ rN+ Stlth+}
   (You found it on level 5 of the Lair of Beasts)

   [ring of stealth]

   It renders you almost immune to cold.
   It protects you from negative energy.
   It may slow you when you take damage.
   It makes you more stealthy.
Wands
 g - a wand of flame (77)
 i - a wand of digging (15)
 s - a wand of acid (4)
 w - a wand of enslavement (30)
 A - a wand of polymorph (7)
 I - a wand of paralysis (2)
 M - a wand of random effects (23)
 Q - a wand of clouds (2)
Scrolls
 d - 11 scrolls of remove curse
 e - 2 scrolls of immolation
 o - 9 scrolls of teleportation
 r - 3 scrolls of enchant armour
 u - 5 scrolls of fog
 x - 3 scrolls of fear
 D - 4 scrolls of magic mapping
 G - 6 scrolls of identify
 N - a scroll of blinking
Potions
 f - 6 potions of lignification
 j - 2 potions of might
 k - 3 potions of invisibility
 m - 2 potions of agility
 p - 3 potions of haste
 v - a potion of heal wounds
 z - 6 potions of flight
 C - 2 potions of mutation
 F - a potion of curing
 H - 4 potions of berserk rage
Miscellaneous
 K - a phantom mirror
Comestibles
 c - 35 rations


   Skills:
 - Level 12.0 Fighting
 * Level 22.6 Axes
 + Level 14.6 Armour
 - Level 8.4 Dodging


You had 14 spell levels left.
You didn't know any spells.

Dungeon Overview and Level Annotations

Branches:
Dungeon (13/15)            Temple (0/1) D:7            Lair (6/6) D:11
  Swamp (0/4) Lair:2       Spider (0/4) Lair:4        Slime (0/5) Lair:6
    Orc (2/2) D:12            Elf (0/3) Orc:2
 Vaults: D:13-14

Altars:
Ashenzari
Elyvilon
Fedhas
Hepliaklqana
Makhleb
Qazlal
Ru
Trog
Vehumet
Xom
Yredelemnul
The Shining One

Shops:
D:12 *   Orc:2 (}?*

Portals:
Pandemonium: Orc:2

Annotations:
D:13 Azrael


Innate Abilities, Weirdness & Mutations

You possess an exceptional clarity of mind.
You are resistant to hostile enchantments. (MR+)
You are robust. (+10% HP)


Message History

You block the fire elemental's attack. Azrael hits you but does no damage.
The polar bear bites you but does no damage.
The polar bear claws you but does no damage. x2
The fire elemental hits you. The fire elemental burns you!
* * * LOW HITPOINT WARNING * * *
You are covered in liquid flames!
* * * LOW HITPOINT WARNING * * *
Azrael closely misses you.
Items here: ( )) † a shortbow; an uncursed shortbow; 37 arrows; a centaur corpse You hit Azrael.
Azrael is severely wounded.
You slash the fire elemental!
You destroy the fire elemental!
Trog accepts your kill.
You are covered in liquid flames!
* * * LOW HITPOINT WARNING * * *
Azrael gestures at you.
The sphere of damnation explodes!
The damnation engulfs you!
You die...

###. ... ##
#.... .. #. ..
.# ...#.##Y#
#.#...Y.######
#. #.§h§......
#.####R§.#
#.##.[.)@(.#.#
#%...<()####
########.# #.#
#.. ..# ...
##.


You could see Azrael, a polar bear and 2 yaks.

Vanquished Creatures
  The ghost of ultrashaft the Grappler, a journeyman TrFi of Gozag (Lair:1)
  An ettin (Orc:1)
  Josephine (Orc:2)
  Fannar (Lair:3)
  2 hydras
  A catoblepas (Lair:5)
  A centaur warrior (D:13)
  Erica (D:10)
  4 death yaks (Lair:5)
  An ogre mage (D:11)
  5 two-headed ogres
  2 orc high priests (Orc:2)
  2 gelid demonspawn (Orc:2)
  A torturous demonspawn (Orc:2)
  A deep elf mage (D:12)
  2 manticores (D:11)
  3 orc knights
  A cyclops (D:11)
  5 orc sorcerers
  5 ugly things
  4 black mambas
  Psyche (D:8)
  2 torpor snails
  3 elephants
  2 orange demons (Orc:2)
  A gargoyle (D:11)
  A kobold demonologist (D:9)
  21 spiny frogs
  8 komodo dragons
  2 ice devils (Orc:2)
  6 trolls
  2 queen bees
  A jumping spider (Lair:4)
  3 meliai (Lair:5)
  4 tyrant leeches (Lair:6)
  2 hornets (D:11)
  Grinder (D:3)
  9 hippogriffs
  18 blink frogs
  15 dream sheep
  Sigmund (D:2)
  11 wyverns
  The ghost of smazza the Firebug, an amateur GrFE (D:3)
  6 wraiths
  27 yaks
  A ynoxinul (Orc:2)
  Grum (D:8)
  3 basilisks
  2 fire elementals (D:13)
  A hungry ghost (D:11)
  A chaos spawn (Orc:2)
  5 vampire mosquitoes (Lair:6)
  4 wargs
  4 acid dragons
  13 water moccasins
  2 hell hounds (D:13)
  9 porcupines
  Duvessa (D:7)
  21 orc warriors
  2 ice beasts
  3 sky beasts
  3 black bears
  A hornet zombie (D:10)
  2 phantoms
  A necrophage (D:6)
  3 ogres
  3 wolves (D:8)
  6 centaurs
  5 crocodiles
  2 wyvern zombies
  2 big kobolds
  Blork the orc (D:4)
  A gnoll sergeant (D:9)
  22 bullfrogs
  2 wyvern skeletons
  3 scorpions (D:7)
  2 water moccasin skeletons
  66 killer bees
  11 wights
  An electric eel (Lair:6)
  A howler monkey (D:9)
  5 crimson imps
  2 centaur zombies
  4 hounds
  7 jellies
  2 bullfrog zombies
  23 orc priests
  4 centaur skeletons
  2 bullfrog skeletons
  2 iguanas
  23 orc wizards
  10 worker ants
  4 hound skeletons
  2 worker ant zombies
  A howler monkey zombie (D:7)
  8 gnolls
  2 howler monkey skeletons
  A river rat (Sewer)
  13 adders
  A shadow imp (D:5)
  11 oozes
  An adder skeleton (D:3)
  A worm (D:2)
  A dart slug (D:3)
  6 leopard geckos
  75 orcs
  2 bats
  8 giant cockroaches
  12 goblins
  5 hobgoblins
  14 jackals
  4 quokkas
  A ball python (D:4)
  5 frilled lizards
  A jackal zombie (D:5)
  18 kobolds
  A leopard gecko skeleton (D:8)
  A leopard gecko zombie (D:8)
  A quokka skeleton (D:7)
  11 rats
  10 fungi
  17 plants
726 creatures vanquished.

Vanquished Creatures (collateral kills)
  The ghost of ultrashaft the Martial Artist, a journeyman GnTm of Cheibriados (Lair:5)
  3 hydras
  A catoblepas (D:10)
  2 two-headed ogres
  2 orc high priests
  2 orc knights (Orc:2)
  An ugly thing (D:11)
  5 orc sorcerers (Orc:2)
  A manticore (D:10)
  4 spiny frogs
  A komodo dragon (Lair:5)
  A basilisk (Lair:5)
  A vampire mosquito (Lair:6)
  A warg (Orc:1)
  A water moccasin (Lair:5)
  2 orc warriors
  A sky beast (D:11)
  An ogre (Orc:1)
  A bullfrog (Lair:6)
  Dowan (D:7)
  A water moccasin skeleton (D:11)
  4 killer bees (Lair:5)
  2 wights (D:11)
  6 orc priests
  2 orc wizards
  A worker ant zombie (D:11)
  4 orcs
53 creatures vanquished.

Vanquished Creatures (others)
  A centaur simulacrum (D:13)
  2 yaks (D:13)
  A jelly (D:13)
  A bullfrog simulacrum (D:13)
  2 white imps (D:13)
  A bush (Lair:6)
  7 fungi
  44 plants (Lair:6)
59 creatures vanquished.

Grand Total: 838 creatures vanquished

Notes
Turn   | Place    | Note
-------+----------+-------------------------------------------
     0 | D:1      | MatthieuS the Hill Orc Berserker began the quest for the Orb.
     0 | D:1      | Reached XP level 1. HP: 19/19 MP: 1/1
   327 | D:1      | Reached XP level 2. HP: 25/27 MP: 2/2
   643 | D:1      | Reached XP level 3. HP: 12/33 MP: 3/3
   949 | D:1      | Reached ** piety under Trog
  1339 | D:2      | Reached skill level 5 in Axes
  1412 | D:2      | Reached XP level 4. HP: 38/40 MP: 4/4
  1669 | D:2      | Noticed Sigmund
  2017 | D:1      | Gained mutation: You possess an exceptional clarity of mind. [potion of mutation]
  2017 | D:1      | Gained mutation: You are resistant to hostile enchantments. (MR+) [potion of mutation]
  2017 | D:1      | Gained mutation: You are robust. (+10% HP) [potion of mutation]
  2032 | D:2      | Killed Sigmund
  2032 | D:2      | Reached skill level 6 in Axes
  2032 | D:2      | Reached XP level 5. HP: 51/51 MP: 5/5
  2032 | D:2      | Reached XP level 6. HP: 60/60 MP: 6/6
  2597 | D:3      | Noticed smazza's ghost (amateur GrFE)
  2612 | D:3      | Killed smazza's ghost
  2612 | D:3      | Reached skill level 5 in Fighting
  2612 | D:3      | Reached skill level 7 in Axes
  2612 | D:3      | Reached XP level 7. HP: 67/67 MP: 7/7
  3220 | D:3      | Noticed Grinder
  3227 | D:3      | Paralysed by Grinder for 2 turns
  3234 | D:3      | Killed Grinder
  3581 | D:4      | Noticed Blork the orc
  3591 | D:4      | Reached *** piety under Trog
  3593 | D:4      | Killed Blork the orc
  3647 | D:4      | Reached skill level 8 in Axes
  3740 | D:4      | Reached XP level 8. HP: 77/77 MP: 8/8
  3958 | D:4      | Found a stormy altar of Qazlal.
  4115 | D:5      | Entered Level 5 of the Dungeon
  4280 | D:5      | Found a sacrificial altar of Ru.
  4282 | D:5      | Found a shattered altar of Ashenzari.
  4710 | D:5      | Found a glowing drain.
  4720 | D:5      | Reached skill level 5 in Armour
  4735 | Sewer    | Entered a sewer
  4942 | Sewer    | Found a white marble altar of Elyvilon.
  5263 | D:6      | Found a blossoming altar of Fedhas.
  5394 | D:6      | Found a burning altar of Makhleb.
  5397 | D:6      | Reached skill level 9 in Axes
  5671 | D:6      | Found a shimmering altar of Xom.
  5972 | D:7      | Found a staircase to the Ecumenical Temple.
  6091 | D:7      | Found a radiant altar of Vehumet.
  6095 | D:7      | Reached **** piety under Trog
  6149 | D:7      | Reached skill level 10 in Axes
  6149 | D:7      | Reached XP level 9. HP: 68/84 MP: 9/9
  6169 | D:7      | Got a transparent leather armour
  6246 | D:7      | Noticed Duvessa
  6247 | D:7      | Noticed Dowan
  6255 | D:7      | Killed Duvessa
  6255 | D:7      | Killed Dowan
  6332 | D:7      | Identified the +1 leather armour of Shadows and Fog {Str+4} (You found it on level 7 of the Dungeon)
  6357 | D:7      | Found a basalt altar of Yredelemnul.
  6444 | D:7      | Found a white marble altar of Elyvilon.
  6534 | D:7      | Reached skill level 11 in Axes
  7083 | D:8      | Reached skill level 5 in Dodging
  7084 | D:8      | Noticed Grum
  7129 | D:8      | Killed Grum
  7383 | D:8      | Reached XP level 10. HP: 86/96 MP: 10/10
  7489 | D:8      | Reached skill level 12 in Axes
  7528 | D:8      | Noticed Psyche
  7539 | D:8      | Killed Psyche
  7643 | D:8      | Reached ***** piety under Trog
  7735 | D:8      | Found a hazy altar of Hepliaklqana.
  7735 | D:8      | Found a bloodstained altar of Trog.
  7951 | D:9      | Noticed a two-headed ogre
  7960 | D:9      | Killed a two-headed ogre
  7972 | D:9      | Reached skill level 13 in Axes
  8073 | D:9      | Found a glowing golden altar of the Shining One.
  8128 | D:9      | Noticed a kobold demonologist
  8134 | D:9      | Reached XP level 11. HP: 106/106 MP: 11/11
  8359 | D:9      | Noticed a two-headed ogre
  8365 | D:9      | Killed a two-headed ogre
  8421 | D:10     | Entered Level 10 of the Dungeon
  8469 | D:10     | Noticed a catoblepas
  8470 | D:10     | Noticed a manticore
  8487 | D:10     | Killed a manticore
  8491 | D:10     | Killed a catoblepas
  8661 | D:10     | Reached skill level 14 in Axes
  8734 | D:10     | Noticed a two-headed ogre
  8738 | D:10     | Killed a two-headed ogre
  8738 | D:10     | Reached skill level 10 in Fighting
  8856 | D:10     | Noticed Erica
  8875 | D:10     | Killed Erica
  9004 | D:10     | Received a gift from Trog
  9323 | D:11     | Got a twisted ring mail
  9338 | D:11     | Identified the +5 ring mail "Codd" {MR+} (You found it on level 11 of the Dungeon)
  9375 | D:11     | Noticed a red ugly thing
  9404 | D:11     | HP: 5/111 [red ugly thing (14)]
  9426 | D:11     | Killed a red ugly thing
  9750 | D:11     | Noticed a manticore
  9762 | D:11     | Killed a manticore
  9957 | D:11     | Noticed a white ugly thing
  9972 | D:11     | Killed a white ugly thing
  9972 | D:11     | Reached skill level 15 in Axes
 10096 | D:11     | Found a staircase to the Lair.
 10109 | Lair:1   | Entered Level 1 of the Lair of Beasts
 10117 | Lair:1   | Noticed a four-headed hydra
 10131 | Lair:1   | Killed a four-headed hydra
 10131 | Lair:1   | Reached XP level 12. HP: 83/118 MP: 12/12
 10198 | Lair:1   | Noticed ultrashaft's ghost (journeyman TrFi)
 10222 | Lair:1   | Killed ultrashaft's ghost
 11029 | Lair:2   | Reached skill level 10 in Armour
 11687 | Lair:2   | Found a staircase to the Swamp.
 11870 | Lair:2   | Reached skill level 16 in Axes
 12497 | Lair:3   | Received a gift from Trog
 12591 | Lair:3   | Reached XP level 13. HP: 85/128 MP: 13/13
 12769 | Lair:3   | Noticed Fannar
 12795 | Lair:3   | Killed Fannar
 12795 | Lair:3   | Reached skill level 17 in Axes
 13232 | Lair:4   | Found a hole to the Spider Nest.
 14308 | Lair:5   | Noticed ultrashaft's ghost (journeyman GnTm)
 14333 | Lair:5   | Killed ultrashaft's ghost
 14393 | Lair:5   | Reached skill level 18 in Axes
 14500 | Lair:5   | Got a clouded glass ring
 14502 | Lair:5   | Identified the ring of Dishonesty {*Slow rC+++ rN+ Stlth+} (You found it on level 5 of the Lair of Beasts)
 14749 | Lair:5   | Received a gift from Trog
 15038 | Lair:5   | Reached skill level 19 in Axes
 15675 | Lair:6   | Entered Level 6 of the Lair of Beasts
 15685 | Lair:6   | Reached XP level 14. HP: 131/138 MP: 4/14
 15764 | Lair:6   | Found a staircase to the Slime Pits.
 16122 | Lair:6   | Reached skill level 20 in Axes
 18332 | D:11     | Reached skill level 21 in Axes
 18991 | D:12     | Found a staircase to the Orcish Mines.
 19015 | Orc:1    | Entered Level 1 of the Orcish Mines
 19254 | Orc:1    | Reached XP level 15. HP: 76/145 MP: 15/15
 19871 | Orc:2    | Entered Level 2 of the Orcish Mines
 19876 | Orc:2    | Noticed Josephine
 19886 | Orc:2    | Killed Josephine
 20286 | Orc:2    | Found a staircase to the Elven Halls.
 20435 | Orc:2    | Found Ubenesul's Magic Scroll Boutique.
 20436 | Orc:2    | Found Dackace's General Store.
 20530 | Orc:2    | Bought a scroll of magic mapping for 42 gold pieces
 20530 | Orc:2    | Bought a scroll of identify for 24 gold pieces
 20530 | Orc:2    | Bought a scroll of fear for 42 gold pieces
 20587 | Orc:2    | Reached skill level 22 in Axes
 21084 | Orc:2    | Found Zybakhluif's Antique Weapon Shoppe.
 21084 | Orc:2    | Found a one-way gate leading to the halls of Pandemonium.
 21084 | Orc:2    | Found Dino Liti's Gadget Emporium.
 21621 | D:12     | Found Vutyilad's General Store.
 21630 | D:12     | Bought a potion of curing for 42 gold pieces
 21630 | D:12     | Bought a scroll of fog for 28 gold pieces
 21630 | D:12     | Bought a scroll of identify for 28 gold pieces
 21630 | D:12     | Bought the +2 hat of the Bear Spirit {Spirit, +Rage rN+ MR++} for 547 gold pieces
 21630 | D:12     | Found the +2 hat of the Bear Spirit {Spirit, +Rage rN+ MR++}
 22198 | D:13     | Noticed Azrael
 22214 | D:13     | Killed from afar by Azrael

Vault maps used:
D:1:      saegor_arrival_under_anarchy
D:2:      st_stairs_4, kennysheep_path_1, uniq_sigmund
D:3:      minmay_misc_feat_columns, uniq_grinder
D:4:      grunt_qazlal_sundering, uniq_blork_the_orc
D:5:      minitemple, first_ration, gup_sewer_entry_pipe, kennysheep_crisscross
D:6:      xom_teletrap_fun, fedhas_altar_3, makhleb_blood_cavern_becter
D:7:      kennysheep_ying_yang, minmay_temple_entry_junction,
          vehumet_altar_wand_db, uniq_duvessa
D:8:      gammafunk_temple_overflow_wave, hangedman_little_slice_of_home,
          uniq_grum, uniq_psyche
D:9:      overflow_temple_1_default
D:10:     nzn_motion_control, uniq_erica
D:11:     minmay_quarter_circles, dpeg_oklobed_lair,
          hangedman_abyss_or_decor_stabs
D:12:     orc_0_dummy, serial_shops, shop_statue
D:13:     serial_ice, serial_ice_n, serial_ice_j, serial_ice_a, serial_ice_m,
          serial_ice_o, serial_ice_d, portal_ice_cave_demonic_guard,
          uniq_azrael, uniq_nessos, uniq_sonja
Lair:2:   swamp_mist, grunt_megastairs_4
Lair:3:   special_room, uniq_fannar
Lair:4:   spider_nest_entry_rubble, beast_lair_carwin_5
Lair:5:   regret_index_combs_of_tragedy, grunt_megastairs_5, lemuel_fruit_fields
Lair:6:   minmay_lair_end_frog_pond, nicolae_slime_entry_slimehenge
Orc:2:    pf_orc_diabolical, uniq_josephine
Sewer:    sewer_kobolds

Skill      XL: |  1  2  3  4  5  6  7  8  9 10 11 12 13 14 15 |
---------------+----------------------------------------------+-----
Fighting       | 4 5 6 8 9 10 11 12 | 12.0
Dodging        | 2 3 4 5 6 7 8 |  8.4
Axes           | 5 6 7 8 10 11 13 15 16 19 21 22 | 22.6
Armour         | 3 4 5 7 8 9 10 12 13 14 | 14.6

Action                   |  1- 3 |  4- 6 |  7- 9 | 10-12 | 13-15 || total
-------------------------+-------+-------+-------+-------+-------++-------
Melee: Hand axe          |   133 |   102 |       |       |       ||   235
       War axe           |       |    11 |   464 |   558 |       ||  1033
       Executioner's axe |       |       |       |    27 |   472 ||   499
       Battleaxe         |       |       |       |       |   433 ||   433
Invok: Berserk           |     2 |     3 |     6 |    11 |    14 ||    36
       Trog's Hand       |       |     1 |       |     3 |     9 ||    13
       Burn Spellbooks   |       |       |     1 |     2 |     1 ||     4
       Brothers in Arms  |       |       |     1 |     5 |    10 ||    16
Evoke: Wand              |       |       |       |     3 |     9 ||    12
  Use: Scroll            |     1 |     7 |    10 |     8 |    15 ||    41
       Potion            |       |     3 |     2 |     3 |     9 ||    17
 Stab: Distracted        |     1 |       |       |       |     1 ||     2
       Petrified         |       |       |       |       |     6 ||     6
       Invisible         |       |       |       |       |     3 ||     3
  Eat: Chunk             |     4 |     3 |    12 |    20 |    32 ||    71
       Ration            |       |     1 |     3 |     3 |     5 ||    12
Armor: Animal skin       |    13 |       |       |       |       ||    13
       Chain mail        |    18 |    54 |   213 |   117 |       ||   402
       Skin              |       |       |    21 |       |       ||    21
       Ring mail         |       |       |       |   161 |   396 ||   557
Dodge: Dodged            |    83 |    41 |   158 |   298 |   608 ||  1188
Block: Buckler           |       |       |    31 |    65 |       ||    96
       Other             |       |       |       |       |   136 ||   136
       Reflection        |       |       |       |       |     5 ||     5

Table legend:
 A = Spawn XP
 B = Non-spawn XP
 C = Spawn XP percentage of total XP
 D = Spawn monster count
 E = Non-spawn monster count
 F = Spawn count percentage of total count
 G = Total turns spent on level
                    A         B        C        D         E        F      G
               +---------+---------+-------+---------+---------+-------+---------
         Total |       0 |  111275 |   0.0 |       0 |     752 |   0.0 | 22214
               +---------+---------+-------+---------+---------+-------+---------
           D:1 |       0 |      67 |   0.0 |       0 |      32 |   0.0 |  1606
           D:2 |       0 |     301 |   0.0 |       0 |      26 |   0.0 |   786
           D:3 |       0 |     540 |   0.0 |       0 |      14 |   0.0 |  1179
           D:4 |       0 |     454 |   0.0 |       0 |      22 |   0.0 |   544
           D:5 |       0 |      57 |   0.0 |       0 |      11 |   0.0 |   811
           D:6 |       0 |     647 |   0.0 |       0 |      16 |   0.0 |   776
           D:7 |       0 |    1486 |   0.0 |       0 |      30 |   0.0 |  1095
           D:8 |       0 |    2851 |   0.0 |       0 |      50 |   0.0 |   901
           D:9 |       0 |    3841 |   0.0 |       0 |      37 |   0.0 |   470
          D:10 |       0 |    3576 |   0.0 |       0 |      24 |   0.0 |   895
          D:11 |       0 |   13108 |   0.0 |       0 |      61 |   0.0 |  1825
          D:12 |       0 |    6120 |   0.0 |       0 |      37 |   0.0 |  1076
          D:13 |       0 |    3151 |   0.0 |       0 |      21 |   0.0 |    37
        Lair:1 |       0 |    2624 |   0.0 |       0 |       5 |   0.0 |   739
        Lair:2 |       0 |    4557 |   0.0 |       0 |      19 |   0.0 |  1381
        Lair:3 |       0 |    8715 |   0.0 |       0 |      56 |   0.0 |  1063
        Lair:4 |       0 |    7064 |   0.0 |       0 |      23 |   0.0 |  1373
        Lair:5 |       0 |   13477 |   0.0 |       0 |      61 |   0.0 |  1087
        Lair:6 |       0 |   16329 |   0.0 |       0 |      70 |   0.0 |  1833
         Orc:1 |       0 |    4797 |   0.0 |       0 |      31 |   0.0 |  1357
         Orc:2 |       0 |   17398 |   0.0 |       0 |      97 |   0.0 |  1127
         Sewer |       0 |     115 |   0.0 |       0 |       9 |   0.0 |   253
               +---------+---------+-------+---------+---------+-------+---------
